 Dungeon Crawl Stone Soup version 0.29.1-12-g30fa7ad0bf (webtiles) character file.

Game seed: 12080191731105445266

223 hawla the Chiller (level 6, -4/45 HPs)
             Began as a Meteoran Ice Elementalist on Jan 14, 2023.
             Slain by Duvessa
             ... wielding a +0 short sword
              (9 damage)
             ... on level 4 of the Dungeon.
             The game lasted 00:03:56 (1024 turns).

hawla the Chiller (Meteoran Ice Elementalist)       Turns: 1024, Time: 00:03:57

Health: -4/45      AC:  2    Str:  9 (10) XL:     6   Next: 44%
Magic:  3/12       EV: 12    Int: 18 (19) God:
Gold:   176        SH:  0    Dex: 11 (14) Spells: 4/12 levels left

rFire   . . .      SeeInvis .   (no weapon)
rCold   . . .      Faith    .   (no shield)
rNeg    . . .      Spirit   .   a - +0 robe
rPois   .          Reflect  .   (no helmet)
rElec   .          Harm     .   (no cloak)
rCorr   .          Rampage  .   (no gloves)
Will    .....                   (no boots)
Stlth   +.........              (no amulet)
HPRegen 0.15/turn               (no ring)
MPRegen 0.13/turn               (no ring)

@: freezing walls, attractive, glowing
A: sense surroundings 1, otherworldly, glowing, explore regen
a: no special abilities


You were on level 4 of the Dungeon.
You visited 1 branch of the dungeon, and saw 4 of its levels.

You collected 176 gold pieces.

Inventory:

Armour
 a - a +0 robe (worn)
Scrolls
 c - a scroll of noise {unknown}
 f - a scroll of poison {unknown}
 j - 2 scrolls of blinking
 k - 2 scrolls of teleportation {unknown}
 m - a scroll of immolation {unknown}
 o - 2 scrolls of fear {unknown}
Potions
 b - a potion of haste {unknown}
 d - a potion of heal wounds {unknown}
 e - 2 potions of attraction
 g - a potion of curing {unknown}
 h - a potion of mutation {unknown}
 i - a potion of degeneration
 l - 3 potions of flight {unknown}
 n - a potion of berserk rage {unknown}


   Skills:
 - Level 2.6 Dodging
 - Level 1.4 Stealth
 - Level 3.8 Spellcasting
 + Level 4.9 Conjurations
 - Level 5.3 Ice Magic


You had 4 spell levels left.
You knew the following spells:

 Your Spells              Type           Power      Damage    Failure   Level
a - Freeze                Ice            88%        1d10      1%          1
b - Frozen Ramparts       Ice            44%        1d7       4%          3
c - Hailstorm             Conj/Ice       21%        3d6       19%         4

Your spell library contained the following spells:

 Spells                   Type           Power      Damage    Failure   Level
 Ozocubu's Armour         Ice            22%        N/A       4%          3
 Beastly Appendage        Tmut           6%         N/A       16%         1
 Poisonous Vapours        Pois/Air       6%         N/A       22%         2
 Wereblood                Tmut           3%         N/A       22%         2
 Spider Form              Tmut/Pois      3%         N/A       41%         3
 Corpse Rot               Necr/Pois/Air  3%         N/A       83%         4


Dungeon Overview and Level Annotations

Branches:
Dungeon (4/15) Zot: 1375   Temple (0/1) D:4

Altars:

Annotations:
D:4 Dowan, Duvessa


Innate Abilities, Weirdness & Mutations

You passively map a small area around you.
You are easily found by Zot.
You glow in the dark.
You regain HP and MP as you explore.


Message History

The wall freezes Dowan but does no damage.
Dowan gestures at you while chanting. The puff of frost misses you.
The wall freezes Duvessa.
Casting: Frozen Ramparts (dangerous; 4% risk of failure)
Confirm with . or Enter, or press ? or * to list all spells.
The spell is quite dangerous to miscast (17% risk of failure)!
Continue anyway?
Casting: Hailstorm (quite dangerous; 17% risk of failure)
Press: ? - help, Dir - look around, f - activate A cannonade of hail descends around you!
The hail pelts the quokka!!
You kill the quokka!
The hail pelts Dowan!
Dowan is heavily wounded.
The wall freezes the quokka.
The quokka bites you.
The wall freezes Dowan.
The wall freezes Duvessa!
Duvessa hits you with a +0 short sword!
Unknown command.
Casting: Hailstorm (quite dangerous; 17% risk of failure)
Confirm with . or Enter, or press ? or * to list all spells.
Aiming: Freeze (safe; 1% risk of failure)
Press: ? - help, Shift-Dir - straight line, f - Duvessa
Aim: Duvessa, wielding a +0 short sword and wearing a +0 chain mail (moderately wounded)
You freeze Duvessa.
Duvessa is heavily wounded.
The wall freezes the quokka.
The quokka bites you.
The wall freezes Dowan.
Dowan mumbles some strange words.
Dowan blinks!
The wall freezes Duvessa.
Duvessa hits you with a +0 short sword.
* * * LOW HITPOINT WARNING * * *
It was a potion of attraction.
You feel attractive to monsters.
The wall freezes the quokka.
You kill the quokka!
The wall freezes Duvessa.
Duvessa hits you with a +0 short sword!
* * * LOW HITPOINT WARNING * * *
Dowan is attracted toward you.
It was a potion of degeneration.
There was something very wrong with that liquid.
You feel weakened.
You feel dopey.
You feel clumsy.
The wall freezes Duvessa but does no damage.
Duvessa hits you with a +0 short sword!
You die...

#......##.#...#
#######...
#####.....§...#
#.........
#.........#
#.........
#.......###
#......#..
#.......#
#.........
#.....e.#
#.........
#.......#
#.........
#####e#####
###.#.#...
#@†...#
#...####
#####'#** #####
***, , , ,, , ,
, ,, *, , * *
,* , * , , , *
** *


You could see Duvessa and Dowan.

Vanquished Creatures
  An orc priest (D:4)
  A hound (D:4)
  A gnoll bouda (D:4)
  2 iguanas (D:4)
  An adder (D:3)
  3 gnolls (D:4)
  A dart slug (D:2)
  6 orcs (D:4)
  2 giant cockroaches
  3 goblins
  2 hobgoblins
  4 quokkas
  4 ball pythons
  3 bats (D:2)
  2 frilled lizards (D:1)
  7 kobolds
  A rat (D:1)
44 creatures vanquished.

Notes
Turn   | Place    | Note
-------+----------+-------------------------------------------
     0 | D:1      | hawla the Meteoran Ice Elementalist began the quest for the
                  | Orb.
     0 | D:1      | Reached XP level 1. HP: 14/14 MP: 5/5
   172 | D:1      | Reached XP level 2. HP: 19/20 MP: 4/6
   457 | D:2      | Reached XP level 3. HP: 21/26 MP: 3/8
   469 | D:3      | Learned a level 3 spell: Frozen Ramparts
   567 | D:3      | Reached skill level 5 in Ice Magic
   587 | D:4      | Reached XP level 4. HP: 19/33 MP: 2/10
   592 | D:4      | Learned a level 4 spell: Hailstorm
   712 | D:4      | Reached skill level 1 in Conjurations
   712 | D:4      | Reached XP level 5. HP: 38/38 MP: 6/11
   871 | D:4      | Found a staircase to the Ecumenical Temple.
   952 | D:4      | Reached XP level 6. HP: 27/45 MP: 1/12
  1009 | D:4      | Noticed Dowan
  1010 | D:4      | Noticed Duvessa
  1024 | D:4      | Slain by Duvessa

Illustrated notes

Levels and vault maps discovered:
D:1:      wheals_arrival_linesprint, layout_loops_ring,
          shapermc_ecumenical_altar_totnotflames, st_stairs_10
D:2:      layout_loops_cross, basic_altar
D:3:      layout_basic, lemuel_zombie_altar_kikubaaqudgha, uniq_sigmund,
          uniq_terence
D:4:      layout_basic, minmay_temple_entry_enclosed_plants,
          dreamdust_wishing_well, minmay_manual_monolith, uniq_duvessa

Skill      XL: |  1  2  3  4  5  6 |
---------------+-------------------+-----
Spellcasting   | 3 |  3.8
Ice Magic      | 5 |  5.3
Conjurations   | 1 3 4 |  4.9
Dodging        | |  2.6
Stealth        | |  1.4

Action                   |  1- 3 |  4- 6 || total
-------------------------+-------+-------++-------
Melee: Unarmed           |     4 |     1 ||     5
 Cast: Freeze            |    30 |     8 ||    38
       Frozen Ramparts   |     1 |     8 ||     9
       Hailstorm         |       |     4 ||     4
  Use: Scroll            |     3 |       ||     3
       Potion            |       |     3 ||     3
Armor: Robe              |     8 |     3 ||    11
Dodge: Dodged            |    14 |    10 ||    24
